Map: Ley Lines

Players

Serral

  • Race: Zerg Zerg
  • Spawn Location: 1:00

Classic - Winner!

  • Race: Protoss Protoss
  • Spawn Location: 7:00

Event: Esports World Cup 2025

VOD

Have the link to the VOD?

Description

Time

  • Played on: July 25, 2025, 12:27 p.m.
  • Length: 20:23

All games in this series

Show
View Real Time Build Order
Export as new Build Order

Serral Zerg 

Build Orders: Hatch First, Lurkers 

Get SALT Encoding   

  12  0:00  Drone  
  13  0:08  Drone  
  14  0:15  Drone, Extractor  
  15  0:21  Overlord  
  15  0:42  Drone  
  16  0:45  Hatchery  
  16  0:49  Drone  
  16  0:52  Drone  
  16  0:56  Drone  
  18  1:08  Extractor  
  17  1:11  Spawning Pool  
  17  1:15  Drone  
  17  1:18  Drone  
  18  1:27  Drone  
  19  1:37  Drone  
  20  1:47  Drone  
  21  1:58  Queen x2  
  21  1:59  Zergling x2  
  21  2:00  Overlord  
  26  2:09  Zergling x2  
  26  2:10  Drone  
  26  2:13  Metabolic Boost  
  28  2:18  Drone  
  28  2:21  Drone  
  30  2:31  Drone  
  30  2:33  Queen  
  33  2:42  Hatchery  
  32  2:46  Overlord  
  32  2:49  Drone  
  32  2:51  Drone  
  34  2:55  Drone x2  
  36  3:03  Overlord  
  36  3:06  Zergling x2  
  36  3:07  Drone  
  36  3:08  Drone  
  36  3:09  Drone  
  40  3:16  Drone x2  
  40  3:19  Spore Crawler  
  41  3:23  Zergling x2  
  42  3:27  Drone, Queen  
  42  3:33  Spore Crawler  
  44  3:34  Drone  
  44  3:37  Drone x2  
  44  3:38  Drone  
  48  3:42  Overlord  
  48  3:44  Drone  
  48  3:46  Drone  
  48  3:47  Drone  
  51  3:50  Drone  
  51  3:54  Overlord  
  52  3:57  Overlord  
  52  4:01  Drone x2  
  53  4:06  Zergling x2  
  53  4:09  Zergling x2  
  54  4:12  Queen  
  54  4:13  Drone x3  
  59  4:18  Zergling x2, Drone x2  
  59  4:21  Spore Crawler  
  59  4:22  Drone  
  62  4:26  Drone  
  62  4:27  Drone x2  
  65  4:32  Roach Warren  
  65  4:36  Drone  
  65  4:38  Drone x3  
  67  4:42  Lair  
  67  4:45  Drone  
  68  4:50  Drone x4  
  72  4:53  Extractor x2  
  72  4:54  Queen  
  72  4:59  Zergling x8  
  76  5:02  Zergling x4  
  76  5:04  Drone  
  79  5:08  Zergling x4  
  79  5:10  Drone x2, Evolution Chamber  
  80  5:22  Drone x2  
  80  5:25  Overlord  
  80  5:27  Overlord, Extractor, Hatchery  
  80  5:28  Drone x3, Extractor  
  80  5:35  Overlord  
  82  5:42  Drone  
  82  5:43  Overlord, Glial Reconstitution  
  82  5:44  Zerg Missile Weapons Level 1  
  82  5:45  Drone x4  
  82  5:46  Drone x2  
  82  5:47  Drone  
  89  5:55  Overseer  
  89  5:56  Drone x6  
  94  6:04  Drone, Overlord  
  94  6:05  Drone x2  
  94  6:09  Drone x2  
  94  6:10  Drone  
  100  6:16  Overlord  
  100  6:19  Overlord  
  100  6:21  Overlord, Extractor  
  100  6:22  Extractor  
  100  6:23  Roach x3  
  104  6:26  Roach x4  
  104  6:32  Roach x3  
  118  6:36  Overlord  
  118  6:41  Roach x3  
  126  6:47  Roach x3  
  126  6:52  Overlord x2  
  126  6:53  Pneumatized Carapace  
  130  6:55  Roach x4  
  130  6:58  Roach  
  130  6:59  Roach  
  142  7:01  Roach  
  142  7:02  Roach x2  
  142  7:06  Overlord  
  151  7:08  Roach x2  
  151  7:09  Burrow, Tunneling Claws  
  151  7:14  Roach x2  
  154  7:20  Roach x4  
  154  7:21  Roach  
  164  7:22  Overlord  
  164  7:25  Roach x2  
  168  7:31  Roach x3  
  168  7:34  Ravager  
  168  7:35  Ravager x6  
  181  7:39  Roach  
  181  7:43  Roach  
  181  7:44  Roach x3  
  184  7:51  Roach x3  
  184  7:52  Roach  
  184  7:55  Infestation Pit  
  181  8:00  Roach x6  
  181  8:05  Roach x3  
  189  8:11  Roach x4  
  186  8:15  Roach x7  
  186  8:16  Baneling Nest  
  186  8:19  Roach x5  
  187  8:22  Drone x3  
  187  8:25  Drone  
  191  8:30  Zerg Missile Weapons Level 2  
  191  8:31  Roach x2  
  191  8:32  Roach x5  
  191  8:33  Evolution Chamber  
  188  8:37  Zergling x10  
  191  8:42  Zergling x10  
  191  8:46  Hive  
  191  8:48  Overlord  
  191  8:50  Hatchery  
  191  8:53  Overlord  
  190  8:57  Roach x2  
  190  8:58  Roach  
  190  9:00  Centrifugal Hooks  
  190  9:03  Overlord x3  
  188  9:11  Zergling x2  
  188  9:12  Zergling x8  
  191  9:23  Zergling x8  
  189  9:24  Drone  
  189  9:25  Drone x9  
  189  9:29  Zerg Melee Weapons Level 1, Hydralisk Den  
  198  9:39  Extractor  
  198  9:41  Drone x2  
  198  9:43  Roach  
  198  9:45  Roach  
  199  9:50  Roach x13  
  199  9:59  Adrenal Glands  
  199  10:00  Muscular Augments  
  199  10:02  Hydralisk, Lurker Den  
  187  10:14  Hydralisk x4  
  187  10:15  Zergling x18  
  187  10:18  Roach x11  
  187  10:21  Zergling x18  
  192  10:30  Queen  
  192  10:31  Queen  
  192  10:32  Drone  
  197  10:36  Baneling x18  
  197  10:38  Zergling x2  
  197  10:39  Zergling x4, Roach x11  
  200  10:45  Baneling x6  
  200  10:51  Baneling x6  
  200  11:03  Grooved Spines  
  187  11:05  Zergling x24  
  187  11:06  Zergling x12  
  187  11:08  Hydralisk x6  
  187  11:09  Zergling x2  
  162  11:11  Zergling x2  
  162  11:15  Hydralisk  
  162  11:17  Seismic Spines  
  140  11:20  Hydralisk x6  
  140  11:24  Lurker x4  
  140  11:25  Baneling x7  
  152  11:26  Baneling x4  
  151  11:33  Hydralisk x3  
  151  11:34  Zergling x2  
  151  11:37  Zergling x6  
  152  11:49  Lurker x3  
  152  11:52  Zergling x18  
  152  11:58  Lurker  
  152  12:00  Zergling x2  
  153  12:04  Baneling x4  
  153  12:06  Zergling x4  
  153  12:16  Extractor x2  
  153  12:18  Hydralisk  
  153  12:19  Hydralisk, Zergling x2  
  153  12:20  Zergling x2  
  155  12:23  Hatchery  
  155  12:25  Zergling x6  
  152  12:35  Adaptive Talons  
  152  12:39  Zergling x4  
  152  12:40  Zergling x6  
  157  12:48  Lurker x3  
  159  13:01  Hatchery  
  158  13:09  Extractor  
  158  13:11  Drone x3  
  158  13:12  Extractor  
  159  13:15  Hydralisk  
  159  13:16  Hydralisk x3, Zergling x4  
  165  13:21  Zergling x2  
  165  13:22  Zergling x6  
  167  13:27  Lurker x3  
  167  13:36  Viper  
  167  13:44  Zergling x14  
  167  13:48  Extractor  
  169  13:53  Drone x5  
  169  13:55  Overseer, Viper  
  174  14:02  Hydralisk x2  
  174  14:03  Hydralisk  
  174  14:09  Hydralisk  
  173  14:10  Hydralisk, Zergling x2  
  177  14:19  Lurker x4  
  177  14:21  Zergling x8  
  179  14:28  Drone x3  
  179  14:29  Drone x2, Overlord  
  179  14:38  Lurker x2  
  179  14:39  Hydralisk x3  
  187  14:48  Hydralisk x3  
  187  14:49  Zergling x4  
  194  14:58  Zergling x14  
  192  15:03  Hydralisk x2  
  192  15:04  Zergling x4  
  172  15:19  Zergling x12, Hatchery  
  168  15:28  Hydralisk x3  
  166  15:32  Lurker  
  166  15:34  Extractor x2  
  151  15:40  Drone x3  
  154  15:45  Overseer  
  154  15:46  Hydralisk x3  
  158  16:02  Hydralisk  
  158  16:03  Hydralisk x4  
  159  16:11  Lurker x4  
  159  16:31  Hydralisk x4, Hatchery  
  166  16:33  Lurker  
  166  16:38  Hydralisk  
  166  16:39  Hydralisk  
  165  16:44  Hydralisk x2  
  165  16:54  Hydralisk x3  
  171  17:05  Lurker x2  
  171  17:06  Hatchery  
  172  17:12  Hydralisk x2  
  173  17:22  Overseer x2  
  173  17:24  Hydralisk x3  
  179  17:32  Hydralisk x2  
  178  17:38  Hydralisk x4  
  178  17:39  Zergling x2  
  178  17:42  Hydralisk  
  145  17:54  Viper x2  
  140  17:58  Hydralisk x4  
  140  18:04  Hydralisk x2  
  138  18:07  Hydralisk  
  135  18:17  Hydralisk x2  
  139  18:20  Lurker  
  139  18:25  Hydralisk  
  142  18:30  Lurker x2  
  144  18:36  Lurker x2  
  144  18:38  Hydralisk  
  144  18:43  Drone x2  
  137  18:48  Hydralisk  
  137  18:51  Hydralisk  
  137  18:53  Hydralisk x3  
  137  18:55  Overseer  
  123  18:59  Hydralisk  
  123  19:03  Zergling x8  
  127  19:13  Lurker  
  128  19:17  Zergling x14  
  135  19:27  Lurker x2  
  137  19:33  Zergling x2  
  137  19:34  Zergling x8  
  137  19:39  Hydralisk x2  
  137  19:40  Zergling x4  
  136  19:46  Unknown  
  136  19:51  Overseer x2  
  136  19:52  Hydralisk x3  
  119  19:53  Zergling x2  
  119  19:56  Zergling x2  
Show
View Real Time Build Order
Export as new Build Order

Classic Protoss - Winner!

Build Orders: 1 Gate Expand, Oracle Opening 

Get SALT Encoding   

  12  0:00  Probe  
  13  0:12  Probe  
  14  0:17  Pylon  
  14  0:24  Probe  
  15  0:32  Probe  
  15  0:38  Gateway  
  15  0:40  Probe  
  16  0:46  Assimilator  
  17  0:51  Probe  
  18  1:03  Probe  
  19  1:15  Probe  
  20  1:23  Nexus  
  20  1:34  Cybernetics Core  
  20  1:37  Probe  
  21  1:44  Assimilator  
  21  1:49  Probe  
  21  1:51  Pylon  
  22  2:00  Adept  
  22  2:04  Probe  
  23  2:15  Stargate  
  25  2:16  Probe  
  26  2:27  Warp Gate, Probe  
  27  2:30  Adept  
  27  2:31  Probe  
  27  2:35  Probe  
  30  2:39  Probe  
  32  2:44  Probe  
  32  2:49  Probe  
  33  2:51  Oracle  
  33  2:56  Probe  
  35  3:01  Probe  
  35  3:03  Stalker  
  39  3:09  Pylon  
  39  3:10  Probe  
  42  3:13  Probe  
  43  3:22  Probe  
  43  3:24  Oracle  
  43  3:25  Gateway, Probe  
  48  3:34  Probe  
  48  3:38  Probe  
  50  3:50  Nexus  
  50  3:52  Pylon  
  50  3:55  Probe x2  
  52  4:06  Nexus  
  52  4:07  Probe x2  
  54  4:13  Assimilator  
  54  4:14  Assimilator  
  54  4:17  Twilight Council  
  54  4:20  Adept x2  
  58  4:24  Pylon  
  58  4:26  Probe x2  
  60  4:31  Pylon  
  57  4:41  Adept x2  
  57  4:43  Probe x2  
  63  4:51  Forge  
  63  4:52  Gateway  
  63  4:54  Blink  
  63  4:57  Probe x2  
  65  5:05  Gateway  
  65  5:10  Shield Battery, Probe x2  
  67  5:19  Probe  
  67  5:20  Probe  
  67  5:22  Probe  
  67  5:26  Protoss Ground Weapons Level 1  
  67  5:27  Probe  
  67  5:28  Probe  
  68  5:29  Templar Archives  
  68  5:34  Probe  
  71  5:36  Probe  
  71  5:37  Probe  
  71  5:42  Stalker  
  75  5:44  Assimilator, Stalker  
  75  5:46  Psionic Storm, Probe  
  75  5:47  Assimilator  
  75  5:48  Probe  
  75  5:49  Probe  
  80  5:52  Gateway  
  80  5:55  Gateway  
  80  5:57  Pylon  
  80  5:58  Probe  
  80  6:00  Probe  
  80  6:01  Probe  
  83  6:10  Probe  
  84  6:13  Probe x2  
  86  6:18  High Templar x3  
  86  6:20  Pylon  
  86  6:22  Probe  
  86  6:25  Probe x2  
  95  6:26  High Templar  
  95  6:28  Photon Cannon  
  95  6:32  Pylon  
  97  6:34  Probe  
  97  6:35  Nexus  
  97  6:37  Probe  
  99  6:40  Pylon, Photon Cannon  
  99  6:42  Probe  
  99  6:47  Probe  
  101  6:49  Probe  
  101  6:50  Gateway x2  
  102  6:54  High Templar  
  102  6:55  High Templar  
  102  6:59  Pylon  
  106  7:02  Stalker x3  
  106  7:05  Stalker  
  114  7:11  Probe x3  
  114  7:12  Shield Battery  
  117  7:17  Assimilator  
  117  7:20  Pylon, Assimilator  
  117  7:24  Photon Cannon  
  117  7:30  Pylon  
  117  7:32  Stalker  
  117  7:33  Stalker x4  
  117  7:35  Charge  
  127  7:39  Stalker  
  125  7:54  Stalker x2  
  124  7:59  Stalker x5  
  126  8:08  Stalker  
  114  8:24  Stalker x4  
  114  8:25  Stalker x3  
  128  8:28  Protoss Ground Weapons Level 2  
  128  8:35  Robotics Facility  
  128  8:46  Pylon  
  128  8:48  Pylon  
  128  8:50  Pylon  
  128  8:52  Pylon  
  128  8:55  Pylon  
  123  8:56  Stalker, Photon Cannon  
  125  9:04  Stalker x4  
  133  9:14  Pylon  
  133  9:16  Photon Cannon  
  133  9:17  Stalker  
  133  9:21  Observer  
  133  9:23  High Templar x2  
  138  9:36  Stalker, Warp Prism  
  144  9:46  Pylon  
  144  9:49  Stalker x4  
  150  10:06  Stalker  
  152  10:07  Stalker x3  
  155  10:26  Stalker  
  157  10:32  Pylon x2  
  157  10:34  Pylon  
  157  10:41  Pylon  
  157  10:51  Pylon, High Templar  
  157  10:53  Pylon  
  157  10:55  Pylon  
  159  10:59  Stalker x5  
  121  11:20  Stalker x2  
  121  11:22  Stalker x5  
  135  11:44  Stalker  
  135  11:45  Zealot x2  
  141  11:51  Archon  
  141  11:55  Stargate  
  141  11:57  Fleet Beacon  
  137  12:06  High Templar x2  
  137  12:07  Zealot x5  
  151  12:13  Observer, Protoss Ground Weapons Level 3  
  151  12:24  Pylon  
  151  12:29  Tempest x2  
  149  12:34  Immortal  
  161  12:53  Probe x3  
  161  12:57  Nexus  
  164  13:00  Pylon, Tempest x2  
  164  13:01  High Templar  
  174  13:29  Tempest x2  
  174  13:36  Zealot x2  
  174  13:37  Zealot x3  
  184  13:45  Photon Cannon  
  184  13:52  Photon Cannon  
  184  13:54  Shield Battery  
  184  14:15  High Templar x4  
  184  14:16  High Templar x2, Zealot x2  
  200  14:21  Archon x2  
  200  14:22  Archon  
  200  14:31  Pylon  
  200  14:33  Photon Cannon  
  200  14:35  Photon Cannon  
  200  14:48  Unknown  
  196  14:58  Observer  
  194  15:06  Zealot x5  
  200  15:10  Zealot x2  
  198  15:20  High Templar  
  198  15:21  Immortal, Tempest x2  
  179  15:36  Probe x2  
  179  15:37  Probe  
  179  15:38  Mothership  
  179  15:39  Assimilator  
  179  15:41  Assimilator  
  190  15:51  High Templar x2  
  194  15:59  Observer  
  178  16:24  High Templar  
  178  16:25  High Templar x3  
  186  16:29  Archon x2  
  186  16:38  Protoss Air Weapons Level 1  
  186  16:39  Tempest  
  186  16:42  Tempest  
  186  16:43  Zealot x4  
  192  17:06  Photon Cannon  
  192  17:10  Shield Battery  
  191  17:17  Nexus  
  191  17:26  Oracle  
  153  17:48  Zealot x5  
  163  17:54  High Templar x2  
  163  17:55  Zealot  
  150  18:15  Zealot  
  150  18:16  Zealot x2  
  156  18:21  Archon  
  156  18:23  High Templar x2  
  160  18:27  Archon  
  160  18:31  Zealot  
  156  18:59  Tempest x2  
  156  19:05  Nexus  
  164  19:16  Zealot  
  166  19:19  Pylon  
  160  19:54  Zealot x8  
Tags
 
Add a new tag
Caveats
  • Supply blocks, unpowered buildings, or Contaminate may cause inaccurate times.
  • Supply counts are checked every 10 seconds.